[Event "44th Chess Olympiad Open 2022"]
[Site "Chennai"]
[Date "2022.08.05"]
[Round "7.52"]
[White "Al-Sulaiti, Ghanem"]
[Black "Ahn, Hongjin"]
[Result "0-1"]
[ECO "B29"]
[WhiteElo "2183"]
[BlackElo "2303"]
[Annotator "TA"]
[PlyCount "44"]
[EventDate "2022.07.29"]
[EventType "team-tourn"]
[EventCountry "IND"]
[SourceTitle "playchess.com"]
[Source "ChessBase"]
[SourceQuality "1"]
[WhiteTeam "Qatar"]
[BlackTeam "Korea"]
[WhiteTeamCountry "QAT"]
[BlackTeamCountry "KOR"]
[TimeControl "40/5400+30:1800+30"]

1. e4 c5 2. Nf3 Nf6 3. e5 Nd5 4. c4 Nb4 5. a3 N4c6 6. b4 {[%emt 0:00:33] B29: Sicilian: 2 Nf3 Nf6 (Nimzowitsch Variation).} d6 {[%emt 0:03:22] [#]} 7. Bb2 $146 (7. exd6 $1 $14 exd6 8. Nc3) ({Predecessor:} 7. exd6 exd6 8. b5 Ne5 9. Nxe5 dxe5 10. Bb2 Bd6 11. g3 O-O 12. Bg2 Nd7 13. O-O {½-½ (27) Grover,S (2310)-Souleidis,G (2435) Paleochora 2009}) 7... Nxe5 8. Nxe5 {[%emt 0:20:25] Black is slightly better.} dxe5 9. b5 {[%emt 0:01:59] Prevents Nc6.} Nd7 10. Bd3 g6 11. Qe2 $1 Bg7 12. h4 h5 13. f4 $2 (13. Bc2 $17) 13... O-O $19 {[%emt 0:02:15] [#] Hoping for ...e4.} 14. f5 $2 (14. Qf2) 14... e4 15. fxg6 exd3 16. Qxh5 fxg6 17. Qxg6 {[%emt 0:01:34][%csl Gb2][%cal Rg6g7] [#]} e5 {[%emt 0:02:17] White must now prevent ...Nb6.} ({Avoid the trap} 17... Nf6 $2 18. O-O $19) 18. Qxd3 Nf6 19. Qe3 (19. Qxd8 Rxd8 20. a4) 19... Ng4 {[%emt 0:01:22] Black is clearly winning.} 20. Qxc5 Nf2 {[%emt 0:00:41] ( -> ...Nd3+)} 21. O-O Nd3 22. Rxf8+ Bxf8 {[%emt 0:00:14] White did not feel at home in the position after the opening.  Weighted Error Value: White=1.33/Black=0.62} 0-1

[Event "44th Chess Olympiad Open 2022"]
[Site "Chennai"]
[Date "2022.08.05"]
[Round "7.52"]
[White "Li, Georgiy"]
[Black "Al-Homaid, Abdulla"]
[Result "1-0"]
[ECO "C47"]
[WhiteElo "1994"]
[BlackElo "1358"]
[Annotator "TA"]
[PlyCount "97"]
[EventDate "2022.07.29"]
[EventType "team-tourn"]
[EventCountry "IND"]
[SourceTitle "playchess.com"]
[Source "ChessBase"]
[SourceQuality "1"]
[WhiteTeam "Korea"]
[BlackTeam "Qatar"]
[WhiteTeamCountry "KOR"]
[BlackTeamCountry "QAT"]
[TimeControl "40/5400+30:1800+30"]

1. e4 e5 2. Nf3 Nc6 3. Be2 Nf6 4. Nc3 Bc5 5. Nxe5 Nxe5 6. d4 Bxd4 {[%emt 0:03:22] C47: Scotch Four Knights and Four Knights with 4 g3.} 7. Qxd4 $16 Nc6 8. Qa4 {[%emt 0:01:26] [#] White is more active.} d6 $146 ({Black should play} 8... h6 $1 $14) ({Predecessor:} 8... O-O 9. Bg5 a6 10. Nd5 b5 11. Qb3 Nd4 12. Qd3 Ne6 13. Bh4 c6 14. e5 cxd5 15. exf6 gxf6 16. Qxd5 {1-0 (36) Woellenstein,S (906)-Lesche,M (745) Bad Homburg 2013}) 9. Bg5 h6 10. Bh4 Bd7 11. Nd5 ({White should try} 11. O-O-O $1 $16) 11... g5 $14 12. Bg3 Nxd5 13. exd5 Ne5 (13... Ne7 $14 14. Qb3 O-O) 14. Qb3 b6 15. O-O O-O 16. f4 Ng6 17. fxg5 hxg5 18. Bh5 Kh7 19. Qc3 {[%emt 0:01:52] aiming for Rf6.} f5 20. Rae1 Rc8 $1 21. Qd3 Qf6 22. c3 a5 23. Qd1 Rce8 24. Be2 {[%emt 0:01:08] Against Bb5} (24. Bf2 $11) 24... Re7 25. Bf2 Rfe8 26. Bd4 Qf8 27. g3 Re4 28. Bd3 {[%emt 0:01:59] This bishop pair is nice.} Rxe1 29. Rxe1 Rxe1+ 30. Qxe1 Qe7 {[%emt 0:00:19] [#]} (30... Ne5 $1 $11 31. Bxe5 Qe7) 31. Qxe7+ $1 $16 {[%emt 0:00:54] White stays focused until the end.} Nxe7 {[%emt 0:00:10][%mdl 4096] Endgame [#] KBB-KBN} 32. Bf6 $1 Nxd5 33. Bxg5 Kg6 34. Bd8 b5 35. Kf2 a4 (35... Kf7 $16) 36. h4 (36. g4 $1 $18) 36... c5 (36... Kf7 $142) 37. g4 $1 b4 $2 (37... a3 {keeps fighting.}) 38. gxf5+ $18 Kg7 39. c4 Nf6 40. Kf3 Bc6+ 41. Kf4 Be8 42. Be7 d5 43. Ke5 Nd7+ (43... Ng8 $142 44. Bxc5 Nf6) 44. Kxd5 Bf7+ 45. Kd6 Be8 46. Bg5 {[%emt 0:00:00] And now Ke7 would win.} b3 47. axb3 {[%emt 0:00:00] Black must now prevent Ke7.} axb3 48. h5 Nf6 49. Ke7 {[%emt 0:00:00] Weighted Error Value: White=0.15 (very precise) /Black=0.49} 1-0

[Event "44th Chess Olympiad Open 2022"]
[Site "Chennai"]
[Date "2022.08.05"]
[Round "7.52"]
[White "Erfan Mohamad Firdaus"]
[Black "Kim, Changhoon"]
[Result "1-0"]
[ECO "B27"]
[WhiteElo "1294"]
[BlackElo "1827"]
[Annotator "NA RC COMBH"]
[PlyCount "161"]
[EventDate "2022.07.29"]
[EventType "team-tourn"]
[EventCountry "IND"]
[SourceTitle "playchess.com"]
[Source "ChessBase"]
[SourceQuality "1"]
[WhiteTeam "Qatar"]
[BlackTeam "Korea"]
[WhiteTeamCountry "QAT"]
[BlackTeamCountry "KOR"]
[TimeControl "40/5400+30:1800+30"]

1. e4 c5 2. Nf3 g6 3. d4 cxd4 4. Qxd4 Nf6 5. Nc3 Nc6 6. Qa4 d6 7. e5 dxe5 8. Nxe5 Bd7 9. Nxd7 Qxd7 10. Be3 Bg7 11. Rd1 Qc8 12. Be2 O-O 13. O-O a6 14. Rfe1 b5 15. Qh4 Re8 16. Bf3 Rb8 17. Bf4 Rb7 18. Nb1 Rd7 19. c3 Na5 20. Nd2 Red8 21. Nf1 Nc4 22. Bc1 Qc7 23. Ne3 Ne5 24. Be2 Nd3 25. Bxd3 Rxd3 26. Rxd3 Rxd3 27. Rd1 Qd6 28. Re1 h5 29. Qb4 Qxb4 30. cxb4 e5 31. Rd1 Rxd1+ 32. Nxd1 Nd5 33. Bd2 e4 34. a3 f5 35. b3 Kf7 36. Kf1 Ke6 37. Bc1 f4 38. Ke2 g5 39. h3 Bd4 40. f3 e3 41. Kd3 Ke5 42. Bb2 Bxb2 43. Nxb2 Ne7 44. Kc3 Nf5 45. Nd3+ Kd5 46. Ne1 Nh4 47. Kd3 Ng6 48. Nc2 Ne5+ 49. Kc3 Nc6 50. Ne1 Nd4 51. Nd3 Ne2+ 52. Kc2 Ng3 53. h4 gxh4 54. Nxf4+ Ke5 55. Nd3+ Kd4 56. Nf4 Ke5 57. Nd3+ Kd5 58. Nc1 Kd4 59. Kd1 h3 60. gxh3 Nf5 61. Kc2 Ke5 62. Ne2 Nh4 63. Kd3 Ng2 64. h4 Kf5 65. a4 Ke5 66. axb5 axb5 67. Nd4 Kf4 68. Nxb5 Ne1+ 69. Ke2 Nxf3 70. Kd1 Nd2 71. Nd4 Ne4 72. b5 Nc3+ 73. Kc2 Nd5 74. Kd3 Nb6 75. Nc2 Nd5 76. Nxe3 Nxe3 77. Kd4 Nc2+ 78. Kc5 Ke5 79. b6 Nd4 80. b7 Ne6+ 81. Kb6 1-0

[Event "44th Chess Olympiad Open 2022"]
[Site "Chennai"]
[Date "2022.08.05"]
[Round "7.53"]
[White "Dornbusch, Tatiana"]
[Black "Uapingene, Uatiavi Jossy"]
[Result "1/2-1/2"]
[ECO "B13"]
[WhiteElo "2247"]
[BlackElo "1798"]
[Annotator "NA RC"]
[PlyCount "162"]
[EventDate "2022.07.29"]
[EventType "team-tourn"]
[EventCountry "IND"]
[SourceTitle "playchess.com"]
[Source "ChessBase"]
[SourceQuality "1"]
[WhiteTeam "Monaco"]
[BlackTeam "Namibia"]
[WhiteTeamCountry "MNC"]
[BlackTeamCountry "NAM"]
[TimeControl "40/5400+30:1800+30"]

1. d4 Nf6 2. Bg5 d5 3. Bxf6 gxf6 4. c4 dxc4 5. e3 c5 6. Nc3 cxd4 7. exd4 Nc6 8. d5 Ne5 9. Bxc4 Nxc4 10. Qa4+ Bd7 11. Qxc4 Qb6 12. Nge2 Rg8 13. O-O Rg4 14. Qd3 f5 15. h3 Rg8 16. Rfe1 Bh6 17. Nd4 Qg6 18. Qf3 Bd2 19. Re2 Bf4 20. Rae1 Bd6 21. Ncb5 Kf8 22. Nxd6 exd6 23. g3 Qf6 24. Qf4 Rc8 25. Kh2 Rc5 26. g4 Rxd5 27. Nxf5 Bxf5 28. gxf5 Rg5 29. h4 Rg6 30. Rg1 Rxf5 31. Rxg6 Qxg6 32. Qd4 Qf6 33. Qxf6 Rxf6 34. Kg3 Re6 35. Rc2 Re7 36. Rc8+ Re8 37. Rc7 Re7 38. Rc8+ Kg7 39. Kf3 Rd7 40. Ke4 d5+ 41. Kd4 Kh6 42. Rg8 Rd6 43. Rb8 Rb6 44. b3 Rb5 45. Rg8 a5 46. Rg3 a4 47. bxa4 Rb4+ 48. Kxd5 Rxa4 49. a3 Rxh4 50. Rb3 Ra4 51. Rxb7 Rxa3 52. Rxf7 Kg6 53. Rf8 Kg7 54. Rb8 Rf3 55. Rb2 Kg6 56. Ke4 Rf6 57. f4 Re6+ 58. Kf3 Kf6 59. Kg4 Ra6 60. Rb7 Kg6 61. Rb5 Rc6 62. Rg5+ Kf6 63. Rh5 Rc7 64. Rh6+ Kg7 65. Ra6 Rc5 66. f5 Rc7 67. Kg5 Kf7 68. Rh6 Kg8 69. Rh2 Ra7 70. Rb2 Kf7 71. Rb6 Rc7 72. Kh6 Rc5 73. Kg5 Rc7 74. Rb5 Ra7 75. Rc5 Rb7 76. f6 Ra7 77. Rb5 Rc7 78. Rf5 Rc6 79. Rf4 h6+ 80. Kxh6 Rxf6+ 81. Rxf6+ Kxf6 1/2-1/2

[Event "44th Chess Olympiad Open 2022"]
[Site "Chennai"]
[Date "2022.08.05"]
[Round "7.53"]
[White "Beukes, Dante M"]
[Black "Bagheri, Amir"]
[Result "0-1"]
[ECO "B12"]
[WhiteElo "2234"]
[BlackElo "2375"]
[Annotator "TA"]
[PlyCount "96"]
[EventDate "2022.07.29"]
[EventType "team-tourn"]
[EventCountry "IND"]
[SourceTitle "playchess.com"]
[Source "ChessBase"]
[SourceQuality "1"]
[WhiteTeam "Namibia"]
[BlackTeam "Monaco"]
[WhiteTeamCountry "NAM"]
[BlackTeamCountry "MNC"]
[TimeControl "40/5400+30:1800+30"]

1. e4 c6 2. d4 d5 3. e5 Bf5 4. Nd2 e6 5. Nb3 Nd7 6. Nf3 Ne7 {[%emt 0:03:40] B12: Caro-Kann: Advance Variation.} 7. Be2 Nc8 8. O-O Be7 {[%emt 0:00:06] White has an edge.} 9. Ne1 O-O 10. g4 Bg6 11. f4 {[%emt 0:05:55] f5 is the strong threat.} f5 (11... f6 $1 $11) 12. exf6 {[%emt 0:11:03] [#]} (12. Ng2 $14) 12... Bxf6 $146 ({Predecessor:} 12... Nxf6 13. Nd3 Bd6 14. Ne5 Ne7 15. Nc5 Bxc5 16. dxc5 Be4 17. c3 Ng6 18. Qd4 Nxe5 19. Qxe5 {1-0 (47) Anuj,S (2383)-Roca Planas,E (2137) Sitges 2022}) 13. Bd3 (13. Nf3 {keeps more tension.} Nd6 14. Ne5 Be4 15. c3) 13... Bxd3 14. Nxd3 Re8 15. Qe2 {[%emt 0:08:34] Threatens to win with g5.} Nf8 (15... a5 $11) 16. a4 a5 17. c3 Nd6 18. Nd2 b6 19. Nf3 Ne4 20. Nf2 Nd6 21. Be3 Qc7 22. Nh1 b5 23. Ng3 Rab8 24. g5 Bd8 25. Ne5 Ng6 26. Qh5 bxa4 27. Rf2 Ne7 28. f5 exf5 29. Bf4 $1 g6 30. Qh6 {[%emt 0:00:59] Black must now prevent Re2.} Nec8 31. Rg2 ({Much weaker is} 31. Rxa4 Rb5 32. Qh3 c5 $17) 31... Rb7 $2 {[%emt 0:02:28][%mdl 8192] [#]} (31... Qg7 $11) 32. Nh5 $1 $18 {[%emt 0:01:58][%mdl 512] Hoping for Nf6+.} Re6 {[%emt 0:00:49] Against Nf6+} (32... gxh5 $2 33. g6 hxg6 34. Rxg6+ Qg7 35. Kh1 $18 (35. Rxg7+ Rxg7+ 36. Kh1 Ne4 $18)) (32... Rxe5 33. dxe5) 33. h4 {[%emt 0:01:12][%cal Bh2h4,Bh4h5][%mdl 32] aiming for Kh1.} c5 34. Nf6+ ({White should play} 34. Kh1 $16) 34... Bxf6 $11 35. gxf6 Rxf6 {[%emt 0:00:13] Strongly threatening ...cxd4.} 36. h5 Qg7 37. hxg6 Qxh6 38. Bxh6 cxd4 39. gxh7+ Kxh7 40. Bg5 Re6 41. cxd4 Nb6 42. Ra3 (42. Kf2 $1 $11 {keeps the balance.} Rg7 43. Rh2+ Kg8 44. Bh6 Ne4+ 45. Ke2 Ng3+ 46. Kf3) 42... Rg7 $17 43. Kf1 Kg8 44. Rh3 (44. Bc1 $17 {was worth a try.}) 44... Nbc4 {[%emt 0:04:05] And now ...Nf7 would win.} 45. Nd7 $2 (45. Rgh2 Nxe5 46. dxe5 Rxg5 47. Rh8+ Kf7 48. R2h7+ Rg7 49. exd6 Rxd6 50. Rh5) 45... Reg6 $19 {[%emt 0:03:34] Black is clearly winning.} ({Don't go for} 45... Rxd7 $2 46. Be7+ Rg6 47. Rxg6+ Kf7 48. Rxd6 Nxd6 49. Bxd6 Rxd6 50. Rh7+ Kg6 51. Ra7 $19) 46. Nf6+ Kf7 47. Nh7 Ne4 48. Rh5 Kg8 {[%emt 0:00:39] What a bad dream for White.  Weighted Error Value: White=0.40/Black=0.22 (precise)} 0-1

[Event "44th Chess Olympiad Open 2022"]
[Site "Chennai"]
[Date "2022.08.05"]
[Round "7.53"]
[White "Verdier, Patrice"]
[Black "Ndahangwapo, Heskiel"]
[Result "0-1"]
[ECO "E77"]
[WhiteElo "2017"]
[BlackElo "1904"]
[Annotator "TA"]
[PlyCount "116"]
[EventDate "2022.07.29"]
[EventType "team-tourn"]
[EventCountry "IND"]
[SourceTitle "playchess.com"]
[Source "ChessBase"]
[SourceQuality "1"]
[WhiteTeam "Monaco"]
[BlackTeam "Namibia"]
[WhiteTeamCountry "MNC"]
[BlackTeamCountry "NAM"]
[TimeControl "40/5400+30:1800+30"]

1. d4 Nf6 2. c4 g6 3. Nc3 Bg7 4. e4 d6 5. f4 O-O 6. Nf3 c5 7. d5 Re8 8. Be2 e6 9. dxe6 {[%emt 0:03:53] E77: King's Indian: Four Pawns Attack: 6 Be2 incl 6...c5 7 d5 e6 8 Nf3, but not Benoni.} Bxe6 10. O-O Nc6 11. h3 {[%emt 0:03:43] The position is equal.} Nd4 12. Bd3 Bd7 13. Re1 (13. Be3 $5 ) 13... Bc6 {[%emt 0:04:58] [#]} 14. Nxd4 $146 ({Predecessor:} 14. Rb1 a6 15. Be3 Nxe4 16. Bxd4 Bxd4+ 17. Nxd4 Nxc3 18. bxc3 cxd4 19. cxd4 Qf6 20. Rxe8+ Rxe8 21. d5 Bd7 22. Rxb7 Qd4+ 23. Kh1 Bf5 24. Rb3 Re3 {0-1 (24) Genov,P (2425)-Minasian,A (2540) Berlin 1996}) 14... cxd4 15. Nd5 Bxd5 16. cxd5 Qb6 (16... Nd7 $11) 17. Kh1 (17. Bd2 $16) 17... Nd7 $11 18. b3 Re7 19. Ba3 Nf6 20. Qf3 {[%emt 0:04:27] [#]} (20. Rc1 $11) 20... Rd7 $2 (20... Nxd5 $1 $15 {keeps the upper hand.} 21. Rec1 (21. exd5 Rxe1+ 22. Rxe1 Qa5 $15) 21... Nb4) 21. Bc4 $16 Qa5 22. b4 (22. Bb2 $1 $16) 22... Qd8 (22... Qa4 $1 $11 {remains equal.}) 23. Bb2 $36 {[%emt 0:02:42][%mdl 2048] Keeping Black busy.} Rc7 24. Bb3 Nd7 {[%emt 0:02:39] Inhibits e5.} 25. Rad1 Qh4 (25... a5 $16) 26. Rf1 (26. e5 $1 $18) 26... Nf6 (26... Rf8 $142) 27. Bxd4 Nh5 {[%emt 0:00:14] And now ...Ng3+ would win.} 28. Kh2 {[%emt 0:07:09] Against Ng3} Rac8 $2 (28... Bxd4 $16 29. Rxd4 Rac8) 29. g3 ({Less strong is} 29. Bxa7 Nxf4 30. Bf2 (30. Qxf4 Be5 $15) 30... Qe7 $14) 29... Qe7 30. g4 $2 (30. Bxa7 $6 Rc3 31. Be3 Qd7 $18) ({White should try} 30. e5 $18) 30... Bxd4 (30... Rc3 $5 31. Bxc3 Rxc3 $16) 31. Rxd4 Rc3 32. Rd3 (32. Qf2 $1 $14 {was forced to keep a grip.} Ng7 33. e5) 32... Rxd3 $17 33. Qxd3 {[%emt 0:00:08] [#]} Nxf4 34. Qd4 ({Avoid the trap} 34. Rxf4 $2 Qe5 35. Qg3 Rc3 $19) 34... g5 35. Re1 {[%emt 0:00:36] [#]} f6 {[%emt 0:01:21] Prevents e5.} 36. Bc4 (36. Re3 $17 {might work better.}) 36... Qe5 (36... Kf7 $19 {Hoping for ...Qd7.} 37. Rd1 Qc7) 37. Qxe5 fxe5 {[%emt 0:00:05][%mdl 4096] Endgame KRB-KRN} 38. Bb3 (38. Bf1 $17 {is a better defense.}) 38... Rc3 $19 39. Ba4 Rxh3+ 40. Kg1 Rc3 41. Bd7 Rc2 (41... h5 $142 {...hxg4 is the strong threat.} 42. gxh5 Kg7) 42. a4 (42. a3 $142) 42... Kg7 43. b5 (43. Kf1 $142) 43... h5 44. gxh5 Kh6 45. Kh1 Kxh5 46. b6 axb6 {[%emt 0:00:00] Strongly threatening ...Rc7.} 47. Rb1 (47. Rg1 $142) 47... Rc7 48. Bf5 g4 49. Rg1 Rg7 50. Kh2 Kh4 {[%emt 0:00:00] ( -> ...g3+)} 51. Rg3 Ne2 52. Re3 g3+ {[%emt 0:00:00] Black mates.} 53. Kg2 Nf4+ 54. Kg1 Rc7 55. Re1 Rc2 56. Ra1 Ne2+ 57. Kf1 Nd4 58. Ra3 Rf2+ {[%emt 0:00:00] Weighted Error Value: White=0.71/Black=0.29 (precise)} 0-1

[Event "44th Chess Olympiad Open 2022"]
[Site "Chennai"]
[Date "2022.08.05"]
[Round "7.53"]
[White "Khoa, Goodwill"]
[Black "Ribbegren, Karl Johan"]
[Result "0-1"]
[ECO "E90"]
[WhiteElo "1850"]
[BlackElo "2198"]
[Annotator "NA RC"]
[PlyCount "83"]
[EventDate "2022.07.29"]
[EventType "team-tourn"]
[EventCountry "IND"]
[SourceTitle "playchess.com"]
[Source "ChessBase"]
[SourceQuality "1"]
[WhiteTeam "Namibia"]
[BlackTeam "Monaco"]
[WhiteTeamCountry "NAM"]
[BlackTeamCountry "MNC"]
[TimeControl "40/5400+30:1800+30"]

1. c4 Nf6 2. Nc3 g6 3. Nf3 Bg7 4. d4 O-O 5. e4 d6 6. h3 e5 7. dxe5 dxe5 8. Qxd8 Rxd8 9. Bg5 Re8 10. Nd5 Nxd5 11. cxd5 c6 12. Bc4 cxd5 13. Bxd5 Na6 14. O-O Nc7 15. Bb3 Be6 16. Rfd1 a6 17. Bxe6 Nxe6 18. Be3 Rad8 19. Bb6 Rxd1+ 20. Rxd1 Nd4 21. Nxd4 exd4 22. f3 Re6 23. Ba5 f5 24. exf5 gxf5 25. Kf2 Kf7 26. Bc7 Bh6 27. Ba5 Be3+ 28. Ke2 Rg6 29. g4 h5 30. Bd2 hxg4 31. Bxe3 gxf3+ 32. Kxf3 dxe3 33. Rd7+ Ke8 34. Rxb7 Re6 35. Ke2 f4 36. Rb8+ Kf7 37. Rb4 f3+ 38. Ke1 f2+ 39. Ke2 Rf6 40. Rb7+ Kg6 41. Kxe3 f1=Q 42. Kd4 0-1

[Event "44th Chess Olympiad Open 2022"]
[Site "Chennai"]
[Date "2022.08.05"]
[Round "7.54"]
[White "Okas, Walter"]
[Black "Ali Abdullahi, Farah"]
[Result "1-0"]
[ECO "E16"]
[WhiteElo "2191"]
[BlackElo "1892"]
[Annotator "NA RC"]
[PlyCount "105"]
[EventDate "2022.07.29"]
[EventType "team-tourn"]
[EventCountry "IND"]
[SourceTitle "playchess.com"]
[Source "ChessBase"]
[SourceQuality "1"]
[WhiteTeam "Uganda"]
[BlackTeam "Somalia"]
[WhiteTeamCountry "UGA"]
[BlackTeamCountry "SOM"]
[TimeControl "40/5400+30:1800+30"]

1. d4 d5 2. Nf3 Nf6 3. g3 e6 4. Bg2 c5 5. O-O b6 6. c4 Bb7 7. Ne5 cxd4 8. cxd5 Bxd5 9. Qxd4 Bc5 10. Qa4+ Nbd7 11. e4 Bb7 12. Rd1 h6 13. Nc3 a6 14. b4 Be7 15. Be3 b5 16. Qb3 O-O 17. Rd3 Qe8 18. Nxd7 Nxd7 19. f4 Bd8 20. a4 Bb6 21. axb5 axb5 22. Rxa8 Qxa8 23. Bxb6 Nxb6 24. h4 Bc6 25. Kh2 Nc4 26. Qc2 Rc8 27. Qf2 Be8 28. Qe2 Bc6 29. g4 Qb8 30. e5 Bxg2 31. Kxg2 Qb7+ 32. Qf3 Qb6 33. g5 hxg5 34. hxg5 Nb2 35. Rd6 Qc7 36. Ne4 Qc1 37. Rd7 Rc2+ 38. Kh3 Rc8 39. Ng3 Nc4 40. g6 Nxe5 41. fxe5 Qh6+ 42. Qh5 fxg6 43. Qxh6 gxh6 44. Rb7 Rc3 45. Rxb5 h5 46. Rb6 Kg7 47. Rxe6 g5 48. Kg2 Rc2+ 49. Kf1 h4 50. Nf5+ Kf7 51. Rf6+ Ke8 52. e6 Rc4 53. Ng7+ 1-0

[Event "44th Chess Olympiad Open 2022"]
[Site "Chennai"]
[Date "2022.08.05"]
[Round "7.54"]
[White "Egesa emmanuel"]
[Black "Abdulkadir Mohamed Warsame"]
[Result "1-0"]
[ECO "B47"]
[WhiteElo "2152"]
[BlackElo "1820"]
[Annotator "TA"]
[PlyCount "91"]
[EventDate "2022.07.29"]
[EventType "team-tourn"]
[EventCountry "IND"]
[SourceTitle "playchess.com"]
[Source "ChessBase"]
[SourceQuality "1"]
[WhiteTeam "Uganda"]
[BlackTeam "Somalia"]
[WhiteTeamCountry "UGA"]
[BlackTeamCountry "SOM"]
[TimeControl "40/5400+30:1800+30"]

1. e4 c5 2. Nf3 e6 3. d4 cxd4 4. Nxd4 Nc6 5. Nc3 Qc7 6. Qd3 {[%emt 0:00:07] B47: Sicilian: Taimanov: 5 Nc3 Qc7 6 f4, 6 g3 and 6 Be2.} Nf6 7. Ndb5 Qb8 8. Qg3 {[%emt 0:00:08] White has an edge.} d6 $1 9. Be3 a6 10. Nd4 h5 11. f4 h4 $1 12. Qf3 {[%emt 0:00:35] [#]} Nxd4 $146 (12... e5 $5 13. Nb3 Nb4 $11) ({Predecessor:} 12... e5 13. Nb3 Bg4 14. Qf2 b5 15. a3 Be7 16. h3 Be6 17. f5 Bc4 18. Be2 Bxe2 19. Qxe2 {½-½ (40) Tari,A (2596)-Najer,E (2659) Moscow 2017}) 13. Bxd4 e5 14. Bb6 Bg4 15. Qf2 exf4 16. Qxf4 Qc8 17. h3 Be6 18. O-O-O Be7 19. Nd5 Bxd5 20. exd5 Rh5 21. Be2 Rxd5 (21... Nxd5 $142 22. Qa4+ Qc6 23. Qxc6+ bxc6) 22. Qxh4 $16 {[%emt 0:01:24] Threatens to win with Rxd5.} Rxd1+ 23. Rxd1 Qc6 24. Qh8+ Bf8 25. Bd4 {[%emt 0:00:06] White is more active.} Qe4 {[%emt 0:02:11] [#]} 26. Bxf6 {[%emt 0:03:29] A strong pair of Bishops.} (26. Bd3 $1 $16 Qf4+ 27. Kb1) 26... Qf4+ (26... Qe3+ $11 27. Rd2 gxf6 28. Qxf6 Bh6 29. Qxd6 Bg5) 27. Kb1 Qxf6 28. Bg4 {[%emt 0:00:13] Re1+ is the strong threat.} Qe7 {[%emt 0:02:24] Inhibits Re1.} 29. Qh5 (29. Rf1 $18 {is more deadly.}) 29... g6 30. Qa5 {[%emt 0:00:04] Hoping for Re1.} Bg7 31. Qb6 Rd8 32. Bf3 Rd7 33. c4 Be5 34. Bd5 Kf8 35. Rf1 Bf6 36. g4 {[%emt 0:01:09] [#]} ({White should try} 36. Qf2 Kg7 37. a4) 36... Qd8 (36... Qe2 $1 $11 37. Qf2 Qd3+ 38. Ka1 Bd4) 37. Qe3 $14 {[%emt 0:03:02] And now Qh6+ would win.} Kg7 {[%emt 0:00:01] Prevents Qh6+.} 38. Rf3 ({Better is} 38. a4 $14) 38... b6 (38... Re7 $11 39. Qd2 Qe8) 39. Qf2 $36 {[%emt 0:00:37][%mdl 2048] White is really pushing.} Be5 (39... Bh4 $16 {was called for.} 40. Rxf7+ Rxf7 41. Qxf7+ Kh6) 40. Bxf7 (40. Rxf7+ $6 Rxf7 41. Qxf7+ Kh6 $14) 40... Qc7 $2 {[%emt 0:00:28] [#] A mistake that costs the game.} (40... b5 $16 41. Be6 Rc7 42. cxb5 Qg5) 41. Be6 $1 $18 {[%emt 0:32:42] Rf8 would kill now. White is clearly winning.} ({Weaker is} 41. Bd5 Qc5 $16) 41... Re7 42. Bd5 {[%emt 0:00:08] Intending Rf8 and mate.} Qc5 {[%emt 0:01:00] [#]} 43. Qh4 Qg1+ 44. Kc2 Rc7 45. g5 ({Inferior is} 45. Qd8 Rxc4+ 46. Bxc4 Qg2+ 47. Kc1 (47. Kb3 Qxf3+ 48. Kb4 Qf2 $15) 47... Qxf3 48. Qe7+ Kh6 49. Qh4+ Kg7 50. Qe7+ Kh6 51. Qh4+ Kg7 52. Qe7+ $11) 45... Qg2+ 46. Rf2 {[%emt 0:00:00] Weighted Error Value: White=0.21 (precise) /Black=0.41} 1-0

[Event "44th Chess Olympiad Open 2022"]
[Site "Chennai"]
[Date "2022.08.05"]
[Round "7.54"]
[White "Abdirahman Omar Sheikh"]
[Black "Kawuma, Patrick"]
[Result "0-1"]
[ECO "E11"]
[WhiteElo "2051"]
[BlackElo "2270"]
[Annotator "NA RC"]
[PlyCount "54"]
[EventDate "2022.07.29"]
[EventType "team-tourn"]
[EventCountry "IND"]
[SourceTitle "playchess.com"]
[Source "ChessBase"]
[SourceQuality "1"]
[WhiteTeam "Somalia"]
[BlackTeam "Uganda"]
[WhiteTeamCountry "SOM"]
[BlackTeamCountry "UGA"]
[TimeControl "40/5400+30:1800+30"]

1. d4 Nf6 2. c4 e6 3. Nf3 Bb4+ 4. Bd2 Qe7 5. a3 Bxd2+ 6. Nbxd2 a5 7. e4 d6 8. Bd3 e5 9. d5 a4 10. Bc2 Bd7 11. Nb1 O-O 12. Nc3 Qe8 13. h3 Ra5 14. g4 g6 15. Qd2 b6 16. Qh6 Kh8 17. Ng5 Rg8 18. f4 exf4 19. O-O Rg7 20. Rxf4 Ng8 21. Qh4 f6 22. Rf3 fxg5 23. Qxg5 Qe7 24. Qe3 Be8 25. Raf1 Nd7 26. Qd4 Ne5 27. Rf4 Bd7 0-1